 Dungeon Crawl Stone Soup version 0.23-a0-644-gb60d84b (webtiles) character file.

103 zishaf the Caller (level 4, 0/33 HPs)
             Began as a Barachi Summoner on Jan 1, 2019.
             Succumbed to a scorpion's poison
             ... on level 4 of the Dungeon.
             The game lasted 00:09:47 (4161 turns).

zishaf the Caller (Barachi Summoner)                Turns: 4161, Time: 00:09:48

Health: 0/33       AC:  7    Str: 11    XL:     4   Next: 79%
Magic:  1/8        EV: 11    Int: 15    God:
Gold:   152        SH:  0    Dex: 12    Spells: 2/9 levels left

rFire    . . .     SeeInvis .   b - +0 hunting sling
rCold    . . .     Gourm    .   (no shield)
rNeg     . . .     Faith    .   t - +1 ring mail {MR+}
rPois    .         Spirit   .   (no helmet)
rElec    .         Reflect  .   (no cloak)
rCorr    +         Harm     .   j - +0 pair of gloves
MR       +....                  (no boots)
Stlth    +.........             (no amulet)
HPRegen  0.11/turn              o - ring of resist corrosion
MPRegen  0.11/turn              q - ring of flight

@: lethally poisoned (0 -> -8), slow
A: +LOS, swims, slowness 1, strong legs 1
a: Hop, Evoke Flight


You were on level 4 of the Dungeon.
You were very hungry.

You visited 1 branch of the dungeon, and saw 4 of its levels.

You collected 152 gold pieces.

Inventory:

Hand Weapons
 a - a +0 club
 b - a +0 hunting sling (weapon)
Missiles
 i - 14 sling bullets (quivered)
 m - 51 stones
Armour
 j - a +0 pair of gloves (worn)
 t - a +1 ring mail of magic resistance (worn)
Jewellery
 o - a ring of resist corrosion (left hand)
 q - a ring of flight (right hand)
Wands
 p - a wand of disintegration (18)
Scrolls
 d - a scroll of teleportation {unknown}
 g - a scroll of immolation {unknown}
 h - a scroll of enchant armour {unknown}
 k - a scroll of identify
 r - a scroll of magic mapping {unknown}
Potions
 e - a potion of lignification
 l - 2 potions of curing {unknown}
 n - a potion of brilliance
Comestibles
 c - 4 rations


   Skills:
 + Level 1.9 Fighting
 + Level 1.3 Armour
 - Level 3.0 Dodging
 - Level 2.0 Stealth
 - Level 3.0 Spellcasting
 + Level 5.4 Summonings
 + Level 0.5 Air Magic


You had 2 spell levels left.
You knew the following spells:

 Your Spells              Type           Power        Failure   Level  Hunger
a - Summon Small Mammal   Summ           ###.         4%          1    #......
b - Call Imp              Summ           ###.....     8%          2    ##.....
c - Summon Lightning Spi  Summ/Air       ##......     80%         4    #####..

Your spell library contained the following spells:

 Spells                   Type           Power        Failure   Level  Hunger
 Call Canine Familiar     Summ           ###.....     16%         3    ###....
 Summon Guardian Golem    Hex/Summ       ##......     43%         3    ###....
 Summon Ice Beast         Ice/Summ       ##......     83%         4    #####..


Dungeon Overview and Level Annotations

Branches:
Dungeon (4/15)
 Temple: D:4-7

Altars:


Innate Abilities, Weirdness & Mutations

Shadows flee at your approach. (+LOS)
You can swim through water.
You cover ground slowly.
You can hop short distances.


Message History

Confirm with . or Enter, or press ? or * to list all spells.
You don't have enough magic to cast that spell.
You are too injured to fight recklessly!
You are too injured to fight recklessly!
There is a lethal amount of poison in your body!
Firing (i - inventory. (/) - cycle)
i - 16 sling bullets (quivered)
Press: ? - help, Shift-Dir - straight line, f - scorpion
Aim: a scorpion You shoot a sling bullet.
The sling bullet barely misses the scorpion.
* * * LOW HITPOINT WARNING * * *
You feel sick. The scorpion stings you!
* * * LOW HITPOINT WARNING * * *
Your crimson imp blinks!
Firing (i - inventory. (/) - cycle)
i - 15 sling bullets (quivered)
Press: ? - help, Shift-Dir - straight line, f/p - scorpion
Aim: a scorpion You shoot a sling bullet.
The sling bullet barely misses the scorpion.
You die...

#..... #.....
### #..... #..
###..... ..
....... #.#
#..... ..#
#.....##.#
#......@.#
#.....s###
##...(.# .##
#..##55# ..#
#. ##.# #.# #
# #{# #.###.#
#.# ##.....#
#o# ##...#.#
### #o#
###......#....


You could see a scorpion, an orc priest, an orc and 2 friendly crimson imps.

Vanquished Creatures
  A worm (D:2)
  2 leopard geckos (D:1)
  2 orcs
  4 bats
  3 giant cockroaches
  2 goblins
  2 hobgoblins
  A jackal (D:4)
  3 frilled lizards
  A jackal skeleton (D:4)
  3 kobolds
  A quokka skeleton (D:4)
  6 rats
31 creatures vanquished.

Vanquished Creatures (collateral kills)
  An orc wizard (D:4)
  3 adders
  A worm (D:2)
  2 leopard geckos
  4 orcs (D:3)
  2 ball pythons (D:1)
  2 bats (D:1)
  A giant cockroach (D:3)
  3 hobgoblins
  5 jackals
  2 kobolds
  A quokka (D:3)
  A frilled lizard (D:2)
  5 goblins
  14 rats
47 creatures vanquished.

Grand Total: 78 creatures vanquished

Notes
Turn   | Place    | Note
-------+----------+-------------------------------------------
     0 | D:1      | zishaf the Barachi Summoner began the quest for the Orb.
     0 | D:1      | Reached XP level 1. HP: 13/13 MP: 3/3
   352 | D:1      | Reached XP level 2. HP: 19/19 MP: 5/5
   392 | D:1      | Reached skill level 5 in Summonings
   868 | D:1      | Learned a level 2 spell: Call Imp
  1495 | D:1      | Reached skill level 1 in Fighting
  1505 | D:1      | Reached XP level 3. HP: 26/26 MP: 1/6
  2960 | D:2      | Reached XP level 4. HP: 27/32 MP: 4/8
  3330 | D:3      | Learned a level 4 spell: Summon Lightning Spire
  3335 | D:3      | Reached skill level 1 in Armour
  4160 | D:4      | HP: 1/33 [scorpion (7)]
  4161 | D:4      | Succumbed to a scorpion's poison

Vault maps used:
D:1:      nicolae_arrival_washed_ashore, chequers_serial_rivers_small_3
D:2:      minmay_rat_gold_closets
D:3:      first_ration
D:4:      minmay_temple_entry_gardened_gates, serial_shops,
          nicolae_shop_overgrown_old_shop

Skill      XL: |  1  2  3  4 |
---------------+-------------+-----
Stealth        | 2 |  2.0
Summonings     | 5 |  5.4
Fighting       | 1 |  1.9
Armour         | 1 |  1.3
Spellcasting   | 3 |  3.0
Dodging        | 3 |  3.0
Air Magic      | |  0.5

Action                   |  1- 3 |  4- 6 || total
-------------------------+-------+-------++-------
Melee: Club              |    54 |       ||    54
 Fire: Hunting sling     |   113 |    57 ||   170
 Cast: Summon Small Mamm |    22 |     1 ||    23
       Call Imp          |    27 |    19 ||    46
  Use: Scroll            |       |     5 ||     5
  Eat: Chunk             |     9 |     4 ||    13
Armor: Robe              |    26 |       ||    26
       Ring mail         |    27 |     9 ||    36
Dodge: Dodged            |   129 |    28 ||   157

Table legend:
 A = Non-vault XP
 B = Vault XP
 C = Vault XP percentage of total XP
 D = Non-vault monster count
 E = Vault monster count
 F = Vault count percentage of total count
                 A         B        C        D         E       F
            +---------+---------+-------+---------+---------+-------
      Total |     138 |      10 |   6.8 |      68 |      10 |  12.8
            +---------+---------+-------+---------+---------+-------
        D:1 |      42 |       0 |   0.0 |      32 |       0 |   0.0
        D:2 |      31 |      10 |  24.4 |      15 |      10 |  40.0
        D:3 |      37 |       0 |   0.0 |      15 |       0 |   0.0
        D:4 |      28 |       0 |   0.0 |       6 |       0 |   0.0
            +---------+---------+-------+---------+---------+-------
